SL
CHICAGO GOLD SOX @ ATHLETIC CLUB KC ATHLETICS
08/24/2018
 
TOP OF THE 1ST
Chicago Gold Sox batting - Pitching for Athletic Club KC Athletics : RHP Roberto Ortega
Pitching: RHP Roberto Ortega
Batting: RHB John Farrell 0-0: Ball
1-0: Fly out, F8 (Flyball, 8LM)
Batting: RHB Craig Stewart 0-0: Ball
1-0: Ball
2-0: Called Strike
2-1: Called Strike
2-2: SINGLE (Groundball, 15S) (infield hit)
Batting: LHB Noel Ballard 0-0: Fielders Choice at 2nd, 3-6 (Groundball, 3)
Batting: LHB Earl Ellis 0-0: Called Strike
0-1: Ground out 5-3 (Groundball, 5S)
Top of the 1st over - 0 run(s), 1 hit(s), 0 error(s), 1 left on base; Chicago 0 - Athletic Club KC 0
BOTTOM OF THE 1ST
Athletic Club KC Athletics batting - Pitching for Chicago Gold Sox : RHP Guillermo Pérez
Pitching: RHP Guillermo Pérez
Batting: SHB David Henderson 0-0: Called Strike
0-1: Called Strike
0-2: Foul Ball, location: 2F
0-2: Strikes out looking
Batting: LHB Lawrence Washington 0-0: Ball
1-0: Reached on error, E4 (Groundball, 4)
Batting: LHB Emílio Sáenz 0-0: Swinging Strike
0-1: Ball
1-1: Foul Ball, location: 2F
1-2: Ball
2-2: Strikes out swinging
Batting: LHB Chris Rice 0-0: Ball
1-0: Fly out, F7 (Flyball, 7D)
Bottom of the 1st over - 0 run(s), 0 hit(s), 1 error(s), 1 left on base; Chicago 0 - Athletic Club KC 0
TOP OF THE 2ND
Chicago Gold Sox batting - Pitching for Athletic Club KC Athletics : RHP Roberto Ortega
Batting: LHB Ron Goodwin 0-0: Swinging Strike
0-1: Ball
1-1: Foul Ball, location: 2F
1-2: Ground out 5-3 (Groundball, 5S)
Batting: LHB Norm Ortega 0-0: Ball
1-0: Fly out, F7 (Flyball, 7S)
Batting: LHB Vicente Martínez 0-0: Foul Ball, location: 2F
0-1: Called Strike
0-2: Ball
1-2: Fly out, F5 (Popup, 25)
Top of the 2nd over - 0 run(s), 0 hit(s), 0 error(s), 0 left on base; Chicago 0 - Athletic Club KC 0
BOTTOM OF THE 2ND
Athletic Club KC Athletics batting - Pitching for Chicago Gold Sox : RHP Guillermo Pérez
Batting: RHB Harry Fuller 0-0: Called Strike
0-1: Ground out 6-3 (Groundball, 6)
Batting: RHB Ramón Souza 0-0: Called Strike
0-1: Foul Ball, location: 2F
0-2: Ball
1-2: Ball
2-2: SOLO HOME RUN (Flyball, 89XD), Distance : 436 ft
Batting: RHB Juan Benítez 0-0: Called Strike
0-1: Ball
1-1: Foul Ball, location: 2F
1-2: Foul Ball, location: 2F
1-2: Strikes out swinging
Batting: RHB Guillermo Montoya 0-0: Ball
1-0: Ground out 4-3 (Groundball, 4)
Bottom of the 2nd over - 1 run(s), 1 hit(s), 0 error(s), 0 left on base; Chicago 0 - Athletic Club KC 1
TOP OF THE 3RD
Chicago Gold Sox batting - Pitching for Athletic Club KC Athletics : RHP Roberto Ortega
Batting: RHB Mike Brown 0-0: Ground out 5-3 (Groundball, 5L)
Batting: RHB Guillermo Pérez 0-0: Ball
1-0: Called Strike
1-1: Ball
2-1: Foul Ball, location: 2F
2-2: Foul Ball, location: 2F
2-2: Strikes out swinging
Batting: RHB John Farrell 0-0: Called Strike
0-1: Foul Ball, location: 2F
0-2: Foul Ball, location: 2F
0-2: DOUBLE (Line Drive, 5D)
Batting: RHB Craig Stewart 0-0: Called Strike
0-1: Ground out 1-3 (Groundball, 13)
Top of the 3rd over - 0 run(s), 1 hit(s), 0 error(s), 1 left on base; Chicago 0 - Athletic Club KC 1
BOTTOM OF THE 3RD
Athletic Club KC Athletics batting - Pitching for Chicago Gold Sox : RHP Guillermo Pérez
Batting: RHB Roberto Ortega 0-0: Foul Ball, location: 2F
0-1: Ball
1-1: Ground out 5-3 (Groundball, 15S)
Batting: SHB David Henderson 0-0: Ground out 4-3 (Groundball, 4)
Batting: LHB Lawrence Washington 0-0: Called Strike
0-1: SINGLE (Line Drive, 6MD)
Batting: LHB Emílio Sáenz 0-0: Foul Ball, location: 2F
0-1: Called Strike
0-2: Ball
1-2: Ball
2-2: Foul Ball, location: 2F
2-2: Ball
3-2: 2-RUN HOME RUN (Flyball, 9D), Distance : 401 ft
Batting: LHB Chris Rice 0-0: Ball
1-0: Ball
2-0: Ground out 6-3 (Groundball, 6M)
Bottom of the 3rd over - 2 run(s), 2 hit(s), 0 error(s), 0 left on base; Chicago 0 - Athletic Club KC 3
TOP OF THE 4TH
Chicago Gold Sox batting - Pitching for Athletic Club KC Athletics : RHP Roberto Ortega
Batting: LHB Noel Ballard 0-0: Foul Ball, location: 2F
0-1: Ball
1-1: Foul Ball, location: 2F
1-2: SINGLE (Groundball, 56D)
Batting: LHB Earl Ellis 0-0: Foul Ball, location: 2F
0-1: Ball
1-1: Ball
2-1: Called Strike
2-2: Ball
3-2: Strikes out swinging
Batting: LHB Ron Goodwin 0-0: SINGLE (Groundball, 4M)
Noel Ballard to second
Runner from 2nd tries for 3rd, SAFE, no throw or cutoff
Batting: LHB Norm Ortega 0-0: Ball
1-0: Ball
2-0: Ball
3-0: Called Strike
3-1: Swinging Strike
3-2: Grounds into double play, 4-6-3 (Groundball, 4)
Top of the 4th over - 0 run(s), 2 hit(s), 0 error(s), 1 left on base; Chicago 0 - Athletic Club KC 3
BOTTOM OF THE 4TH
Athletic Club KC Athletics batting - Pitching for Chicago Gold Sox : RHP Guillermo Pérez
Batting: RHB Harry Fuller 0-0: Called Strike
0-1: Ball
1-1: Foul Ball, location: 2F
1-2: Ground out 5-3 (Groundball, 5)
Batting: RHB Ramón Souza 0-0: Ball
1-0: Called Strike
1-1: Ball
2-1: Fly out, F4 (Popup, 34)
Batting: RHB Juan Benítez 0-0: Ball
1-0: Called Strike
1-1: Ground out 5-3 (Groundball, 5)
Bottom of the 4th over - 0 run(s), 0 hit(s), 0 error(s), 0 left on base; Chicago 0 - Athletic Club KC 3
TOP OF THE 5TH
Chicago Gold Sox batting - Pitching for Athletic Club KC Athletics : RHP Roberto Ortega
Batting: LHB Vicente Martínez 0-0: Ball
1-0: Ball
2-0: Called Strike
2-1: Called Strike
2-2: Foul Ball, location: 2F
2-2: Strikes out swinging
Batting: RHB Mike Brown 0-0: Foul Ball, location: 2F
0-1: Foul Ball, location: 2F
0-2: SINGLE (Groundball, 5D)
Batting: RHB Guillermo Pérez 0-0: Ball
Mike Brown steals 2nd base
1-0: SINGLE (Groundball, 56D)
Mike Brown to third
Runner from 3rd tries for Home, SAFE, throw made home
Batting: RHB John Farrell 0-0: Called Strike
0-1: Called Strike
0-2: DOUBLE (Line Drive, 8LM)
Guillermo Pérez to third
Batting: RHB Craig Stewart 0-0: Ground out 5-3 (Groundball, 56S)
Guillermo Pérez scores
John Farrell to third
Batting: LHB Noel Ballard 0-0: Ball
1-0: Ball
2-0: Foul Ball, location: 2F
2-1: SINGLE (Line Drive, 56D)
John Farrell scores
Batting: LHB Earl Ellis 0-0: Ball
1-0: Ball
Noel Ballard steals 2nd base
2-0: Foul Ball, location: 2F
2-1: Ground out 3-1 (Groundball, 34S)
Top of the 5th over - 3 run(s), 4 hit(s), 0 error(s), 1 left on base; Chicago 3 - Athletic Club KC 3
BOTTOM OF THE 5TH
Athletic Club KC Athletics batting - Pitching for Chicago Gold Sox : RHP Guillermo Pérez
Batting: RHB Guillermo Montoya 0-0: Foul Ball, location: 2F
0-1: Ball
1-1: SINGLE (Groundball, 6M)
Batting: RHB Roberto Ortega 0-0: Called Strike
0-1: Bunt - Flyout! F2
Batting: SHB David Henderson 0-0: Called Strike
0-1: Ball
1-1: Ball
2-1: Swinging Strike
2-2: Ball
3-2: Foul Ball, location: 2F
3-2: Ground out 4-3 (Groundball, 4S)
Guillermo Montoya to second
Batting: LHB Lawrence Washington 0-0: Foul Ball, location: 2F
0-1: Ground out 4-3 (Groundball, 4M)
Bottom of the 5th over - 0 run(s), 1 hit(s), 0 error(s), 1 left on base; Chicago 3 - Athletic Club KC 3
TOP OF THE 6TH
Chicago Gold Sox batting - Pitching for Athletic Club KC Athletics : RHP Roberto Ortega
Batting: LHB Ron Goodwin 0-0: Ball
1-0: Foul Ball, location: 2F
1-1: Ball
2-1: Ball
3-1: Swinging Strike
3-2: Base on Balls
Pitching: RHP Manuel Hernández
Batting: LHB Norm Ortega 0-0: Foul Ball, location: 2F
0-1: Swinging Strike
0-2: Strikes out swinging
Batting: LHB Vicente Martínez 0-0: Ball
1-0: Swinging Strike
1-1: Swinging Strike
1-2: Foul Ball, location: 2F
1-2: Strikes out swinging
Batting: RHB Mike Brown 0-0: Ball
1-0: Swinging Strike
1-1: Ball
2-1: Foul Ball, location: 2F
2-2: Foul Ball, location: 2F
2-2: Strikes out swinging
Top of the 6th over - 0 run(s), 0 hit(s), 0 error(s), 1 left on base; Chicago 3 - Athletic Club KC 3
BOTTOM OF THE 6TH
Athletic Club KC Athletics batting - Pitching for Chicago Gold Sox : RHP Guillermo Pérez
Batting: LHB Emílio Sáenz 0-0: Ball
1-0: Ball
2-0: Foul Ball, location: 2F
2-1: Ball
3-1: Called Strike
3-2: Ground out U3 (Groundball, 3)
Batting: LHB Chris Rice 0-0: Ground out 5-3 (Groundball, 56)
Batting: RHB Harry Fuller 0-0: Foul Ball, location: 2F
0-1: Swinging Strike
0-2: Ball
1-2: Ball
2-2: Ground out 6-3 (Groundball, 6MS)
Bottom of the 6th over - 0 run(s), 0 hit(s), 0 error(s), 0 left on base; Chicago 3 - Athletic Club KC 3
TOP OF THE 7TH
Chicago Gold Sox batting - Pitching for Athletic Club KC Athletics : RHP Manuel Hernández
Batting: RHB Guillermo Pérez 0-0: Called Strike
0-1: Ball
1-1: Ball
2-1: Foul Ball, location: 2F
2-2: Foul Ball, location: 2F
2-2: Ball
3-2: Strikes out swinging
Batting: RHB John Farrell 0-0: Ball
1-0: Swinging Strike
1-1: Foul Ball, location: 2F
1-2: Foul Ball, location: 2F
1-2: Strikes out swinging
Batting: RHB Craig Stewart 0-0: Ground out 6-3 (Groundball, 6M)
Top of the 7th over - 0 run(s), 0 hit(s), 0 error(s), 0 left on base; Chicago 3 - Athletic Club KC 3
BOTTOM OF THE 7TH
Athletic Club KC Athletics batting - Pitching for Chicago Gold Sox : RHP Guillermo Pérez
Batting: RHB Ramón Souza 0-0: Ball
1-0: Called Strike
1-1: Ball
2-1: Called Strike
2-2: Ball
3-2: Foul Ball, location: 2F
3-2: Base on Balls
Batting: RHB Juan Benítez 0-0: Ball
1-0: Called Strike
1-1: Swinging Strike
1-2: Strikes out looking
Pinch Hitting: LHB Tony Reynolds 0-0: Ball
1-0: Called Strike
1-1: Ball
2-1: Grounds into double play, 4-6-3 (Groundball, 4)
Bottom of the 7th over - 0 run(s), 0 hit(s), 0 error(s), 0 left on base; Chicago 3 - Athletic Club KC 3
TOP OF THE 8TH
Chicago Gold Sox batting - Pitching for Athletic Club KC Athletics : RHP Manuel Hernández
Pitching: RHP Craig Moody
Now at 3B: Eddie O'Bryan
Now in LF: Steve Brandon
Batting: LHB Noel Ballard 0-0: Ball
1-0: Called Strike
1-1: Ball
2-1: Ball
3-1: Base on Balls
Batting: LHB Earl Ellis 0-0: Called Strike
0-1: Ball
1-1: Ball
2-1: Grounds into double play, 4-6-3 (Groundball, 4)
Batting: LHB Ron Goodwin 0-0: Called Strike
0-1: SINGLE (Groundball, 6MD) (infield hit)
Batting: LHB Norm Ortega 0-0: Called Strike
0-1: Foul Ball, location: 2F
0-2: Ball
1-2: Strikes out swinging
Top of the 8th over - 0 run(s), 1 hit(s), 0 error(s), 1 left on base; Chicago 3 - Athletic Club KC 3
BOTTOM OF THE 8TH
Athletic Club KC Athletics batting - Pitching for Chicago Gold Sox : RHP Guillermo Pérez
Pitching: RHP Gene Kirkland
Now in RF: Wayne Bannatyne
Batting: RHB Steve Brandon 0-0: Called Strike
0-1: Ground out 5-3 (Groundball, 56)
Batting: SHB David Henderson 0-0: Ground out U3 (Groundball, 3L)
Batting: LHB Lawrence Washington 0-0: Ball
1-0: Ball
2-0: Ball
3-0: Called Strike
3-1: Swinging Strike
3-2: Base on Balls
Batting: LHB Emílio Sáenz 0-0: Fly out, F7 (Flyball, 7D)
Bottom of the 8th over - 0 run(s), 0 hit(s), 0 error(s), 1 left on base; Chicago 3 - Athletic Club KC 3
TOP OF THE 9TH
Chicago Gold Sox batting - Pitching for Athletic Club KC Athletics : RHP Craig Moody
Batting: LHB Vicente Martínez 0-0: Ball
1-0: SINGLE (Line Drive, 56)
Batting: RHB Mike Brown 0-0: Ball
1-0: 2-RUN HOME RUN (Flyball, 78XD), Distance : 418 ft
Pitching: RHP Curt Clarke
Now in LF: Rick Atkinson
Batting: RHB Wayne Bannatyne 0-0: SINGLE (Line Drive, 8RS)
Batting: RHB John Farrell 0-0: Fly out, F6 (Line Drive, 6)
Pinch Hitting: LHB Cristo Ramírez 0-0: Called Strike
Wayne Bannatyne steals 2nd base
0-1: Fly out, F7 (Flyball, 8LM)
Batting: LHB Noel Ballard 0-0: Ground out 4-3 (Groundball, 34)
Top of the 9th over - 2 run(s), 3 hit(s), 0 error(s), 1 left on base; Chicago 5 - Athletic Club KC 3
BOTTOM OF THE 9TH
Athletic Club KC Athletics batting - Pitching for Chicago Gold Sox : RHP Gene Kirkland
Pitching: RHP Lorenzo Marín
Now at C: Juan Orozco
Batting: LHB Chris Rice 0-0: Ball
1-0: DOUBLE (Line Drive, 9LM)
Batting: RHB Harry Fuller 0-0: Called Strike
0-1: Ball
1-1: Swinging Strike
1-2: SINGLE (Groundball, 4M)
Chris Rice to third
Runner from 3rd tries for Home, SAFE, throw made home
Harry Fuller to second
Batting: RHB Rick Atkinson 0-0: Ball
1-0: Ground out 6-3 (Groundball, 6)
Pinch Hitting: RHB Vicente Díaz 0-0: Swinging Strike
0-1: Called Strike
0-2: Ball
1-2: Strikes out swinging
Batting: RHB Eddie O'Bryan 0-0: Swinging Strike
0-1: Ball
1-1: Foul Ball, location: 2F
1-2: Strikes out swinging
Bottom of the 9th over - 1 run(s), 2 hit(s), 0 error(s), 1 left on base; Chicago 5 - Athletic Club KC 4
This league is powered by Out of the Park Baseball, the baseball management simulation game for PC, Mac and Linux
Monday, May 4th, 2015 - OOTP Baseball 15.6 Build 34